 Dungeon Crawl Stone Soup version 0.28.0-53-g5a82cb258f (webtiles) character file.

Game seed: 6861901596175620059

202 MiltankisOP the Skirmisher (level 5, -1/35 HPs)
             Began as a Gargoyle Fighter on June 14, 2022.
             Slain by a gnoll shaman
             ... wielding a +0 club
              (4 damage)
             ... on level 3 of the Dungeon.
             The game lasted 00:04:39 (2483 turns).

MiltankisOP the Skirmisher (Gargoyle Fighter)       Turns: 2483, Time: 00:04:39

Health: -1/35      AC: 14    Str: 22    XL:     5   Next: 80%
Magic:  5/5        EV:  7    Int:  8    God:
Gold:   68         SH:  4    Dex:  9    Spells: 4/4 levels left

rFire   . . .      SeeInvis .   a - +0 flail
rCold   . . .      Faith    .   c - +0 buckler
rNeg    + . .      Spirit   .   j - +1 chain mail {Will+}
rPois   ∞          Reflect  .   (no helmet)
rElec   +          Harm     .   (no cloak)
rCorr   .          Rampage  .   (no gloves)
Will    +....                   (no boots)
Stlth   ..........              (no amulet)
HPRegen 0.11/turn               (no ring)
MPRegen 0.09/turn               (no ring)

@: flying
A: sickness immunity, AC +4, negative energy resistance 1, electricity
resistance, torment resistance 1, petrification resistance
a: no special abilities


You were on level 3 of the Dungeon.
You visited 1 branch of the dungeon, and saw 3 of its levels.

You collected 68 gold pieces.

Inventory:

Hand Weapons
 a - a +0 flail (weapon)
Armour
 b - a +0 scale mail
 c - a +0 buckler (worn)
 f - a +0 chain mail
 j - a +1 chain mail of willpower (worn)
Scrolls
 e - a scroll of noise {unknown}
 g - a scroll of enchant armour {unknown}
 i - a scroll of brand weapon {unknown}
 k - 3 scrolls of identify {unknown}
 l - a scroll of teleportation {unknown}
 m - a scroll of enchant weapon {unknown}
 o - 2 scrolls of silence {unknown}
Potions
 d - a potion of might
 h - a potion of flight
 n - a potion of cancellation {unknown}


   Skills:
 + Level 5.3 Fighting
 + Level 4.2 Maces & Flails
 - Level 3.3 Armour
 - Level 3.3 Shields


You had 4 spell levels left.
You didn't know any spells.
Your spell library contained the following spells:

 Spells                   Type           Power      Damage    Failure   Level
 Sandblast                Erth           0%         2d4       99%         1
 Passwall                 Tmut/Erth      0%         N/A       100%        2
 Wereblood                Tmut           0%         N/A       100%        2
 Stone Arrow              Conj/Erth      0%         3d7       100%        3
 Summon Hydra             Summ           0%         N/A       100%        7
 Sublimation of Blood     Necr           Unusable   N/A       N/A         2

Dungeon Overview and Level Annotations

Branches:
Dungeon (3/15)

Altars:


Innate Abilities, Weirdness & Mutations

You are immune to sickness and miasma.
Your stone body is resilient. (AC +4)
You are immune to poison.
You resist negative energy. (rN+)
You are resistant to electric shocks. (rElec)
You are resistant to unholy torment.
You are immune to petrification.


Message History

You miss something. Something hits you but does no damage.
You closely miss something. Something hits you but does no damage.
A gnoll shaman comes into view. It is wielding a +0 club.
You sock something!
Reactivating autopickup.
You feel a bit more experienced.
You closely miss the gnoll shaman.
The gnoll shaman hits you with a +0 club.
You closely miss the gnoll shaman.
The gnoll shaman hits you with a +0 club.
The gnoll shaman hits you with a +0 club!
You barely miss the gnoll shaman.
The gnoll shaman hits you with a +0 club.
* * * LOW HITPOINT WARNING * * *
You thump the gnoll shaman!
The gnoll shaman is heavily wounded.
The gnoll shaman barely misses you.
You sock the gnoll shaman!
The gnoll shaman is almost dead.
The gnoll shaman barely misses you.
You hit the gnoll shaman but do no damage.
The gnoll shaman is severely wounded.
The gnoll shaman utters an invocation to its god.
The gnoll shaman is healed somewhat.
You completely miss the gnoll shaman.
The gnoll shaman is heavily wounded.
The gnoll shaman hits you with a +0 club.
* * * LOW HITPOINT WARNING * * *
The gnoll shaman mumbles some strange prayers to its god.
The gnoll shaman is healed somewhat.
You barely miss the gnoll shaman.
The gnoll shaman is moderately wounded.
The gnoll shaman hits you with a +0 club.
* * * LOW HITPOINT WARNING * * *
Okay, then.
It was a potion of flight.
You feel very buoyant.
You fly up into the air.
The gnoll shaman hits you with a +0 club.
You die...

## . [ .######## ........#
#.......o #.o.....g
#.......#
#'##################+
#..)...)g@...).......
#......)#)...#.......
#.......#....#.......
#########''''#############
.........)....†.....#
≈≈≈≈....≈)≈≈≈≈≈≈≈≈≈≈#
≈≈≈≈....≈≈≈≈≈≈≈≈≈≈≈≈≈
≈≈≈≈....≈≈≈≈≈≈≈≈≈≈≈≈≈
.............[)†.....


You could see a gnoll shaman.

Vanquished Creatures
  2 orc wizards (D:3)
  Terence (D:3)
  An adder (D:2)
  5 gnolls (D:3)
  2 dart slugs
  6 orcs (D:3)
  5 endoplasms
  2 giant cockroaches
  5 goblins
  3 hobgoblins
  10 jackals
  A quokka (D:1)
  3 ball pythons
  5 bats
  3 frilled lizards
  4 kobolds
  4 rats
  A spectral goblin (D:3)
63 creatures vanquished.

Notes
Turn   | Place    | Note
-------+----------+-------------------------------------------
     0 | D:1      | MiltankisOP the Gargoyle Fighter began the quest for the
                  | Orb.
     0 | D:1      | Reached XP level 1. HP: 14/14 MP: 1/1
   154 | D:1      | Reached XP level 2. HP: 19/19 MP: 2/2
   893 | D:2      | Reached XP level 3. HP: 24/24 MP: 3/3
  1025 | D:2      | Reached skill level 4 in Fighting
  1108 | D:2      | Identified the +1 robe of Mumblety Peg {rElec rN++ Dex-3
                  | Stlth+}
  1941 | D:3      | Found a faded altar of an unknown god.
  2022 | D:3      | Reached XP level 4. HP: 29/29 MP: 4/4
  2088 | D:3      | Noticed Terence
  2099 | D:3      | Killed Terence
  2223 | D:3      | Reached XP level 5. HP: 34/34 MP: 5/5
  2449 | D:3      | Reached skill level 5 in Fighting
  2483 | D:3      | Slain by a gnoll shaman

Illustrated notes

Levels and vault maps discovered:
D:1:      ncdulo_halloftheorcs, layout_basic
D:2:      kennysheep_big_flooded_room, layout_basic, serial_forest,
          infiniplex_forest_straight_4, infiniplex_forest_lined_corner,
          infiniplex_forest_lined_2, infiniplex_forest_lined_3_way,
          infiniplex_forest_lined_3, infiniplex_forest_zigzag_1,
          hangedman_decor_lopped
D:3:      lemuel_castle_with_subvaults [lemuel_castle_interior_carwin_3],
          layout_loops_ring, grunt_temple_overflow_diamond,
          dreamdust_ecumenical_altar_drowned_temple, grunt_ministairs_1,
          uniq_terence

Skill      XL: |  1  2  3  4  5 |
---------------+----------------+-----
Fighting       | 4 5 |  5.3
Maces & Flails | 3 4 |  4.2
Armour         | |  3.3
Shields        | |  3.3

Action                   |  1- 3 |  4- 6 || total
-------------------------+-------+-------++-------
Melee: Flail             |   150 |    79 ||   229
  Use: Potion            |       |     1 ||     1
Armor: Chain mail        |   108 |    67 ||   175
Dodge: Dodged            |    65 |    28 ||    93
Block: Buckler           |    44 |    15 ||    59
